 Dungeon Crawl Stone Soup version 0.29-a0-284-gf9362112df (webtiles) character file.

Game seed: 4788521826760061423

5183 drugrobin the Cleaver (level 10, -1/90 HPs)
             Began as a Demigod Fighter on Mar 24, 2022.
             Slain by a death yak (13 damage)
             ... on level 8 of the Dungeon.
             The game lasted 00:28:35 (9281 turns).

drugrobin the Cleaver (Demigod Fighter)             Turns: 9281, Time: 00:28:36

Health: -1/90      AC: 15    Str: 35    XL:     10   Next: 12%
Magic:  0/13       EV: 10    Int: 10    God:
Gold:   570        SH:  7    Dex: 19    Spells: 9/9 levels left

rFire   . . .      SeeInvis .   a - +4 mace (protect)
rCold   . . .      Faith    .   C - +2 buckler
rNeg    . . .      Spirit   +   m - +0 troll leather armour {Pargi}
rPois   +          Reflect  .   E - +0 helmet
rElec   .          Harm     .   z - +2 cloak {rPois}
rCorr   .          Rampage  .   (no gloves)
Will    +....                   (no boots)
Stlth   +.........              D - amulet of guardian spirit
HPRegen 1.05/turn               M - +6 ring of strength
MPRegen 0.13/turn               L - +6 ring of dexterity

@: under a protective aura
A: high MP 1, forlorn, divine attributes
a: no special abilities


You were on level 8 of the Dungeon.
You visited 1 branch of the dungeon, and saw 9 of its levels.
You also visited: Sewer.

You collected 570 gold pieces.

Inventory:

Hand Weapons
 a - a +4 mace of protection (weapon)
 b - a +1 spear of venom
 c - a +4 hand axe
 d - a +3 flail of holy wrath
 y - a +0 war axe
 I - the +6 rapier of Hacking and Slashing {venom, Int+2 SInv}
   (You found it on level 7 of the Dungeon)

   It poisons the flesh of those it strikes.
   Int:       It affects your intelligence (+2).
   SInv:      It lets you see invisible.
Missiles
 o - 4 boomerangs (quivered)
 t - 34 poisoned darts
 G - 6 javelins
Armour
 l - a +0 chain mail
 m - a +0 troll leather armour (worn) {Pargi}
 z - a +2 cloak of poison resistance (worn)
 C - a +2 buckler (worn)
 E - a +0 helmet (worn)
 K - +0 acid dragon scales
Jewellery
 p - a ring of poison resistance
 D - an amulet of guardian spirit (around neck)
 L - a +6 ring of dexterity (right hand)
 M - a +6 ring of strength (left hand)
Wands
 e - a wand of paralysis (13)
 J - a wand of flame (3)
 Q - a wand of iceblast (4)
Scrolls
 f - a scroll of acquirement {unknown}
 i - 2 scrolls of enchant armour {unknown}
 n - a scroll of noise {unknown}
 q - 8 scrolls of identify {unknown}
 r - 3 scrolls of fog {unknown}
 s - a scroll of fear {unknown}
 u - 2 scrolls of teleportation {unknown}
 w - a scroll of torment {unknown}
 x - 3 scrolls of brand weapon {unknown}
 B - a scroll of summoning {unknown}
 F - a scroll of blinking {unknown}
 H - a scroll of immolation {unknown}
 R - a scroll of amnesia {unknown}
Potions
 g - 3 potions of degeneration {unknown}
 h - a potion of berserk rage {unknown}
 j - 2 potions of brilliance {unknown}
 k - 2 potions of haste {unknown}
 v - 3 potions of mutation {unknown}
 A - 4 potions of curing {unknown}
 O - a potion of flight {unknown}
 P - a potion of might


   Skills:
 + Level 8.5 Fighting
 * Level 11.4 Axes
 - Level 2.6 Armour
 - Level 2.6 Shields
 + Level 2.6 Evocations


You had 9 spell levels left.
You didn't know any spells.
Your spell library contained the following spells:

 Spells                   Type           Power      Damage    Failure   Level
 Beastly Appendage        Tmut           0%         N/A       50%         1
 Static Discharge         Conj/Air       0%         N/A       63%         2
 Wereblood                Tmut           0%         N/A       63%         2
 Spider Form              Tmut/Pois      0%         N/A       86%         3
 Lightning Bolt           Conj/Air       0%         1d11      100%        5
 Maxwell's Capacitive Co  Air            0%         ∞         100%        8


Dungeon Overview and Level Annotations

Branches:
Dungeon (9/15)             Temple (0/1) D:6            Lair (0/6) D:9
  Sewer (visited)
    Orc: D:9-12

Shops:
D:5 (   D:9 =

Annotations:
D:8 exclusion: ice statue


Innate Abilities, Weirdness & Mutations

You have an increased reservoir of magic. (+10% MP)
You shall have no god before yourself.
Your divine heritage dramatically boosts your attributes as you level up.


Message History

Okay, then.
Unknown command.
Unknown command.
Unknown command.
Unknown command.
Unknown command.
Press: ? - help, v - describe, . - travel
Here: a death yak (severely wounded, very poisoned)
The floor.
Unknown command.
Unknown command.
Unknown command.
Unknown command.
Unknown command.
Press: ? - help, v - describe, . - travel
Here: a death yak (severely wounded, very poisoned)
The floor.
Unknown command.
Unknown command.
Unknown command.
Unknown command.
Unknown command.
You hit the death yak.
The death yak is severely wounded.
The death yak closely misses you.
Unknown command.
Unknown command.
Unknown command.
Unknown command.
You completely miss the death yak.
The death yak is severely wounded.
The death yak gores you but does no damage.
Unknown command.
Unknown command.
Unknown command.
Unknown command.
You hit the death yak but do no damage.
The death yak is almost dead.
The death yak gores you!
You die...

############.)))...## #....#
#.............###.## #.#)..
#.###########[###.## #.####
#.# #...........# #.# #.#
#.####......# #.# #.#
####.####..##..# #.# #.#
#.....)....##..# #.# #.#
#.##.#####.##.[#######.# #.#
#.##.....Y@......#.....#
#.###.##.####...#..#.#.#####
#..##.##.###.......#.#.#
##.##.##.............#.#
#.##.##.###.....###.#.#
#.##.##.# ##...###....#
#)##.##.# ##.........#
#)##.##.# ######...##
#)##.##.# ###.##


You could see a death yak (very poisoned).

Vanquished Creatures
  A death yak (D:8)
  Prince Ribbit (D:8)
  Sigmund (D:5)
  A vampire (D:8)
  A wraith (D:6)
  A fire bat (D:8)
  Edmund (D:5)
  An acid dragon (D:8)
  A water moccasin (Sewer)
  3 ice beasts
  Pargi (D:3)
  3 orc warriors
  2 ogres
  4 kobold brigands
  3 bullfrogs
  2 gnoll sergeants
  A scorpion (D:7)
  3 necrophages (D:7)
  7 wights
  5 killer bees (D:6)
  2 howler monkeys
  4 hounds
  4 orc priests
  Crazy Yiuf (D:3)
  6 jellies
  3 iguanas
  Terence (D:2)
  12 orc wizards
  12 gnolls
  4 adders
  2 river rats
  2 white imps
  An ufetubus (D:7)
  5 worms
  6 dart slugs
  32 orcs
  8 endoplasms
  2 giant cockroaches
  5 goblins
  6 hobgoblins
  4 jackals (D:1)
  26 kobolds
  2 quokkas
  2 ball pythons (D:2)
  3 bats
  2 frilled lizards
  8 rats
208 creatures vanquished.

Vanquished Creatures (others)
  3 fungi (D:3)
3 creatures vanquished.

Grand Total: 211 creatures vanquished

Notes
Turn   | Place    | Note
-------+----------+-------------------------------------------
     0 | D:1      | drugrobin the Demigod Fighter began the quest for the Orb.
     0 | D:1      | Reached XP level 1. HP: 18/18 MP: 3/3
    18 | D:1      | Reached skill level 2 in Axes
   311 | D:1      | Reached XP level 2. HP: 19/25 MP: 4/4
  1094 | D:2      | Reached XP level 3. HP: 31/31 MP: 5/5
  1218 | D:2      | Reached skill level 3 in Axes
  1284 | D:2      | Noticed Terence
  1814 | D:3      | Noticed Pargi
  1821 | D:3      | Killed Pargi
  1822 | D:3      | Reached skill level 4 in Axes
  1822 | D:3      | Reached XP level 4. HP: 29/40 MP: 6/6
  1822 | D:3      | Reached XP level 5. HP: 33/46 MP: 7/7
  2552 | D:3      | Found a runed translucent door.
  2553 | D:3      | Noticed Crazy Yiuf
  2716 | D:3      | Reached skill level 5 in Axes
  2729 | D:4      | Reached XP level 6. HP: 50/52 MP: 8/8
  3528 | D:5      | Entered Level 5 of the Dungeon
  3665 | D:5      | Reached skill level 6 in Axes
  3735 | D:5      | Reached XP level 7. HP: 57/60 MP: 9/9
  3831 | D:5      | Reached skill level 5 in Fighting
  4058 | D:5      | Noticed Sigmund
  4381 | D:2      | Killed Terence
  4458 | D:3      | Killed Crazy Yiuf
  4703 | D:5      | Killed Sigmund
  4704 | D:5      | Reached skill level 7 in Axes
  4899 | D:5      | Noticed Edmund
  4915 | D:5      | Killed Edmund
  5004 | D:5      | Found Zudox's Weapon Shoppe.
  5155 | D:6      | Reached XP level 8. HP: 70/70 MP: 10/10
  5183 | D:6      | Found a staircase to the Ecumenical Temple.
  5280 | D:6      | Reached skill level 8 in Axes
  5362 | D:6      | Found a glowing drain.
  5366 | Sewer    | Entered a sewer
  5924 | D:6      | Reached skill level 9 in Axes
  6549 | D:7      | Reached XP level 9. HP: 78/79 MP: 11/11
  6933 | D:7      | Identified the +6 rapier of Hacking and Slashing {venom,
                  | Int+2 SInv}
  6956 | D:7      | Reached skill level 10 in Axes
  7700 | D:8      | Noticed an Executioner
  7704 | D:8      | Noticed an angel
  7759 | D:8      | Noticed Prince Ribbit
  7770 | D:8      | Killed Prince Ribbit
  7899 | D:8      | Reached skill level 1 in Evocations
  7917 | D:8      | Noticed Maggie
  7919 | D:8      | Noticed Maggie
  7919 | D:8      | Maggie changed into Maggie the fire bat
  7929 | D:8      | Killed Maggie the fire bat
  8049 | D:8      | Noticed an ice statue
  8247 | D:8      | Reached skill level 11 in Axes
  9089 | D:9      | Found Bodghiklo's Jewellery Shoppe.
  9114 | D:9      | Found a staircase to the Lair.
  9114 | D:9      | Noticed a death yak
  9117 | D:9      | Noticed a death yak
  9182 | D:8      | Killed a death yak
  9183 | D:8      | Reached XP level 10. HP: 90/90 MP: 11/13
  9238 | D:9      | Noticed a death yak
  9281 | D:8      | Slain by a death yak

Illustrated notes

Levels and vault maps discovered:
D:1:      amcnicky_arrival_double_pillar, layout_loops_ring,
          hellmonk_ecumenical_altar_inner_sanctum, dk_noncrumbling_3,
          grunt_decor_resistance
D:2:      minmay_general_purpose_star, layout_basic, uniq_terence
D:3:      layout_rooms, uniq_crazy_yiuf_cottage, uniq_pargi
D:4:      layout_rooms, minitemple
D:5:      layout_loops_ring, serial_shops, nicolae_take_the_stairs,
          sigmund_edmund_badplayer, uniq_sigmund
D:6:      layout_loops_corners, minmay_temple_entry_mini_moons,
          gup_sewer_entry_bowl, minmay_small_thing
D:7:      layout_basic, mainiacjoe_overflow_brackets
D:8:      minmay_statue_hallways, layout_loops_ring,
          grunt_temple_overflow_order_and_chaos_2, minmay_misc_feat_diagonals,
          skrybe_limestone_x, uniq_prince_ribbit1, uniq_maggie
D:9:      layout_stronghold, nemelex_spade_bored_becter, dpeg_lair_monsters,
          serial_shops, nicolae_shop_hallway_plus, doesnt_shop_hydraphobe

Skill      XL: |  1  2  3  4  5  6  7  8  9 |
---------------+----------------------------+-----
Axes           | 2 4 5 6 7 9 11 | 11.4
Fighting       | 3 4 5 7 8 |  8.5
Evocations     | 2 |  2.6
Armour         | |  2.6
Shields        | |  2.6

Action                   |  1- 3 |  4- 6 |  7- 9 | 10-12 || total
-------------------------+-------+-------+-------+-------++-------
Melee: War axe           |   112 |    62 |       |       ||   174
       Spear             |       |    91 |    73 |     9 ||   173
       Mace              |       |       |   395 |    13 ||   408
       Flail             |       |       |    12 |       ||    12
       Hand axe          |       |       |    11 |       ||    11
Throw: Boomerang         |       |    16 |    51 |       ||    67
       Dart              |       |       |    29 |     4 ||    33
       Javelin           |       |       |     2 |       ||     2
Evoke: Wand              |       |       |     8 |       ||     8
  Use: Potion            |     1 |       |       |       ||     1
 Stab: Sleeping          |       |       |     3 |       ||     3
       Paralysed         |       |       |     4 |       ||     4
Armor: Scale mail        |    34 |       |       |       ||    34
       Chain mail        |    24 |    14 |       |       ||    38
       Troll leather arm |       |    27 |   142 |     3 ||   172
Dodge: Dodged            |    63 |    53 |   183 |     5 ||   304
Block: Buckler           |    26 |    29 |   144 |     2 ||   201

Table legend: (Time is in decaauts)
 A = Elapsed time spent in this place.
 B = Non-inter-level travel time spent in this place.
 C = Inter-level travel time spent in this place.
 D = Time resting spent in this place.
 E = Time spent auto-exploring this place.
 F = Levels seen in this place.
 G = Mean time per level.
                   A        B        C        D        E       F      G
               +--------+--------+--------+--------+--------+-----+--------+
         Total |   9419 |   9047 |    372 |   1102 |   4802 |  10 |  941.9 |
       Dungeon |   9249 |   8877 |    372 |   1102 |   4776 |   9 | 1027.7 |
         Sewer |    170 |    170 |      0 |      0 |     26 |   1 |  170.0 |
               +--------+--------+--------+--------+--------+-----+--------+

Top non-repeatable levels by time:
     D:3: 1430 daAuts
     D:6: 1277 daAuts
     D:8: 1215 daAuts
     D:1: 1113 daAuts
     D:5: 1058 daAuts
     D:7: 948 daAuts
     D:2: 925 daAuts
     D:4: 691 daAuts
     D:9: 589 daAuts
   Sewer: 170 daAuts
